 Dungeon Crawl Stone Soup version 0.24-a0-132-ge4b1dce (console) character file.

Game seed: 8079316693206695629

97 Duffy the Chopper (level 4, -1/39 HPs)
             Began as a Naga Gladiator on Feb 27, 2019.
             Slain by Grinder (3 damage)
             ... on level 3 of the Dungeon.
             The game lasted 00:01:42 (2117 turns).

Duffy the Chopper (Naga Gladiator)                  Turns: 2117, Time: 00:01:42

Health: -1/39      AC:  7    Str: 16    XL:     4   Next: 68%
Magic:  4/4        EV:  3    Int:  9    God:
Gold:   97         SH:  0    Dex: 13    Spells: 3/3 levels left

rFire    . . .     SeeInvis +   a - +0 war axe
rCold    . . .     Gourm    .   (no shield)
rNeg     . . .     Faith    .   g - +0 plate armour
rPois    +         Spirit   .   c - +0 helmet
rElec    .         Reflect  .   (no cloak)
rCorr    .         Harm     .   (no gloves)
MR       .....                  (no barding)
Stlth    ..........             (no amulet)
HPRegen  0.13/turn              (no ring)
MPRegen  0.09/turn              (no ring)

@: very slow
A: large, see invisible, deformed body, poison resistance, slowness 2, slow
metabolism 1, spit poison 1, AC +1
a: Spit Poison


You were on level 3 of the Dungeon.
You were not hungry.

You visited 1 branch of the dungeon, and saw 3 of its levels.

You collected 97 gold pieces.

Inventory:

Hand Weapons
 a - a +0 war axe (weapon)
Missiles
 d - 3 throwing nets (quivered)
Armour
 c - a +0 helmet (worn)
 g - a +0 plate armour (worn)
Scrolls
 b - a scroll of teleportation {unknown}
 e - 3 scrolls of remove curse {unknown}
 h - a scroll of enchant weapon {unknown}
 m - 2 scrolls of identify {unknown}
Potions
 i - 2 potions of curing {unknown}
 j - 2 potions of brilliance {unknown}
 k - a potion of might {unknown}
 l - a potion of haste {unknown}
 n - a potion of cancellation {unknown}
 p - a potion of agility {unknown}
 q - a potion of lignification {unknown}
Comestibles
 f - 4 rations
 o - 5 chunks of flesh


   Skills:
 - Level 2.0 Fighting
 + Level 5.3 Axes
 - Level 1.7 Throwing
 - Level 2.4 Dodging


You had 3 spell levels left.
You didn't know any spells.
Your spell library was empty.

Dungeon Overview and Level Annotations

Branches:
Dungeon (3/15)

Altars:

Annotations:
D:3 Grinder


Innate Abilities, Weirdness & Mutations

You cannot wear boots.
Your serpentine skin is tough. (AC +1)
You have supernaturally acute eyesight. (SInv)
Armour fits poorly on your strangely shaped body.
Your system is resistant to poisons. (rPois)
You cover ground very slowly.
You have a slow metabolism.
You can spit poison.


Message History

Grinder hits you but does no damage.
Your plate armour prevents you from hitting Grinder.
Grinder is heavily wounded.
Grinder barely misses you.
You closely miss Grinder.
Grinder is heavily wounded.
Grinder hits you.
You writhe in agony.
You closely miss Grinder.
Grinder is heavily wounded.
Grinder hits you but does no damage. x2
Your plate armour prevents you from hitting Grinder.
Grinder is heavily wounded.
Grinder barely misses you.
You slash Grinder!
Grinder is severely wounded.
Grinder hits you.
You writhe in agony.
You closely miss Grinder.
Grinder is severely wounded.
Grinder hits you.
You writhe in agony.
You die...

################
.......@5.......
########.#######.
................
#######.########## #.
#...##........... #..
#........######## #.#
#........#######
##..##........'.....#
#....%.[......#####.#


You could see Grinder.

Vanquished Creatures
  Terence (D:3)
  2 adders
  A dart slug (D:2)
  A leopard gecko (D:1)
  2 ball pythons
  A giant cockroach (D:2)
  6 goblins
  9 hobgoblins
  5 kobolds
  13 bats
  3 frilled lizards (D:1)
  5 rats
49 creatures vanquished.

Notes
Turn   | Place    | Note
-------+----------+-------------------------------------------
     0 | D:1      | Duffy the Naga Gladiator began the quest for the Orb.
     0 | D:1      | Reached XP level 1. HP: 19/19 MP: 1/1
    29 | D:1      | Reached XP level 2. HP: 4/26 MP: 2/2
   552 | D:1      | Reached skill level 4 in Axes
   653 | D:1      | Reached XP level 3. HP: 32/32 MP: 3/3
  1798 | D:3      | Noticed Terence
  1808 | D:3      | Killed Terence
  1808 | D:3      | Reached skill level 5 in Axes
  1808 | D:3      | Reached XP level 4. HP: 27/39 MP: 4/4
  2103 | D:3      | Noticed Grinder
  2117 | D:3      | Slain by Grinder

Levels and vault maps discovered:
D:1:      minmay_arrival_shattered_statue, layout_rooms
D:2:      layout_rooms
D:3:      layout_basic, old_standard_altar, first_ration, uniq_terence,
          uniq_grinder

Skill      XL: |  1  2  3 |
---------------+----------+-----
Axes           | 4 5 |  5.3
Fighting       | |  2.0
Throwing       | |  1.7
Dodging        | |  2.4

Action                   |  1- 3 |  4- 6 || total
-------------------------+-------+-------++-------
Melee: War axe           |   106 |    41 ||   147
 Abil: Spit Poison       |     1 |       ||     1
  Eat: Chunk             |     2 |     1 ||     3
Armor: Leather armour    |    47 |       ||    47
       Plate armour      |    46 |    32 ||    78
Dodge: Dodged            |    67 |     9 ||    76

Table legend:
 A = Non-vault XP
 B = Vault XP
 C = Vault XP percentage of total XP
 D = Non-vault monster count
 E = Vault monster count
 F = Vault count percentage of total count
                 A         B        C        D         E       F
            +---------+---------+-------+---------+---------+-------
      Total |     103 |      36 |  25.9 |      48 |       1 |   2.0
            +---------+---------+-------+---------+---------+-------
        D:1 |      43 |       0 |   0.0 |      26 |       0 |   0.0
        D:2 |      35 |       0 |   0.0 |      13 |       0 |   0.0
        D:3 |      25 |      36 |  59.0 |       9 |       1 |  10.0
            +---------+---------+-------+---------+---------+-------
